 Dungeon Crawl Stone Soup version 0.21.1-1-g345015f (webtiles) character file.

15 poirepourri the Sneak (level 2, 0/13 HPs)
             Began as a Spriggan Enchanter on July 20, 2018.
             Slain by a centaur zombie (5 damage)
             ... on level 2 of the Dungeon.
             The game lasted 00:01:00 (1199 turns).

poirepourri the Sneak (Spriggan Enchanter)          Turns: 1199, Time: 00:01:01

Health: 0/13       AC:  2    Str:  4    XL:     2   Next: 34%
Magic:  5/6        EV: 18    Int: 16    God:
Gold:   80         SH:  0    Dex: 16    Spells: 3/6 levels left

rFire    . . .     SeeInvis +   a - +1 dagger
rCold    . . .     Gourm    .   (shield restricted)
rNeg     . . .     Faith    .   b - +0 robe
rPois    .         Spirit   .   (helmet restricted)
rElec    .         Reflect  .   (no cloak)
rCorr    .         Harm     .   (gloves unavailable)
MR       .....                  (boots unavailable)
Stlth    +++.......             (no amulet)
HPRegen  0.04/turn              (no ring)
MPRegen  0.10/turn              (no ring)

@: very quick
A: very small, unfitting armour, see invisible, herbivore, speed 3, slow
metabolism 2
a: no special abilities


You were on level 2 of the Dungeon.
You were not hungry.

You visited 1 branch of the dungeon, and saw 2 of its levels.

You collected 80 gold pieces.

Inventory:

Hand Weapons
 a - a +1 dagger (weapon)
Armour
 b - a +0 robe (worn)
Jewellery
 j - an uncursed amulet of guardian spirit {unknown}
Scrolls
 h - 2 scrolls of identify
 k - a scroll of immolation {unknown}
 l - a scroll of remove curse {unknown}
 n - a scroll of amnesia {unknown}
Potions
 e - a potion of flight {unknown}
 f - a potion of haste
 g - a potion of lignification {unknown}
 i - a potion of resistance {unknown}
 m - a potion of curing {unknown}
Books
 c - a book of Maledictions

   Spells                             Type                      Level
   a - Corona                         Hexes                        1
   b - Ensorcelled Hibernation        Hexes/Ice                    2
   c - Confuse                        Hexes                        3
   d - Tukima's Dance                 Hexes                        3
   e - Dazzling Spray                 Conjuration/Hexes            3
Comestibles
 d - 6 rations


   Skills:
 - Level 1.1 Short Blades
 - Level 3.0 Dodging
 + Level 5.8 Stealth
 - Level 2.6 Spellcasting
 - Level 3.6 Hexes


You had 3 spell levels left.
You knew the following spells:

 Your Spells              Type           Power        Failure   Level  Hunger
a - Corona                Hex            ##.....      4%          1    #......
b - Ensorcelled Hibernat  Hex/Ice        #.....       14%         2    ##.....


Dungeon Overview and Level Annotations

Branches:
Dungeon (2/15)

Altars:
Cheibriados
Nemelex Xobeh


Innate Abilities, Weirdness & Mutations

You are very small and have problems with some larger weapons.
You are too small for most types of armour.
You have supernaturally acute eyesight. (SInv)
You are a herbivore.
You cover ground extremely quickly.
You need consume almost no food.


Message History

The centaur zombie is severely damaged.
The centaur zombie misses you. x2
Casting: Ensorcelled Hibernation
Confirm with . or Enter, or press ? or * to list all spells.
Aiming: Corona
Press: ? - help, Shift-Dir - straight line, f - centaur zombie
Aim: a centaur zombie (severely damaged, chance to defeat MR: 62%)
The centaur zombie is outlined in light.
The centaur zombie hits you.
You hit the centaur zombie.
The centaur zombie is severely damaged.
The centaur zombie hits you!
Ouch! That really hurt!
You hit the centaur zombie.
The centaur zombie is almost destroyed.
The centaur zombie misses you.
You hit the centaur zombie.
The centaur zombie is almost destroyed.
The centaur zombie hits you.
You die...

# #.......###.##.##....#
#.#..#..†........##.#.##
#.........###.......#.#
#.......# #########.##
##.....## #...# ###...#
#.... #.#####.## ##...#
...$....# #.....
..##...@# #.####
......##Z...... #.####
..##.. .###..b #.##.. #
#.. .# #.##.# #. .#
#<##.# #. .# #..... .#
####.# .# #.# #.#


You could see a centaur zombie and a bat (sleeping).

Vanquished Creatures
  A leopard gecko (D:1)
  2 goblins (D:1)
  A hobgoblin (D:1)
  2 quokkas (D:2)
  4 bats (D:1)
  2 frilled lizards (D:1)
  2 rats (D:1)
14 creatures vanquished.

Notes
Turn   | Place    | Note
-------+----------+-------------------------------------------
     0 | D:1      | poirepourri the Spriggan Enchanter began the quest for the Orb.
     0 | D:1      | Reached XP level 1. HP: 9/9 MP: 5/5
   516 | D:1      | Reached skill level 5 in Stealth
   556 | D:1      | Reached XP level 2. HP: 13/13 MP: 6/6
   806 | D:1      | Found a sparkling altar of Nemelex Xobeh.
   870 | D:1      | Found a snail-covered altar of Cheibriados.
  1079 | D:2      | Learned a level 2 spell: Ensorcelled Hibernation
  1199 | D:2      | Slain by a centaur zombie

Skill      XL: |  1 |
---------------+----+-----
Stealth        | 5 |  5.8
Short Blades   | |  1.1
Dodging        | |  3.0
Spellcasting   | |  2.6
Hexes          | |  3.6

Action                   || total
-------------------------++-------
Melee: Dagger            ||    43
 Cast: Corona            ||     5
       Ensorcelled Hiber ||     3
  Use: Scroll            ||     3
 Stab: Sleeping          ||     6
Armor: Robe              ||     1
Dodge: Dodged            ||    25
